 Dungeon Crawl Stone Soup version 0.30-a0-571-gdf30a72648 (webtiles) character file.

Game seed: 4271601102809161182

49 Jase the Slasher (level 4, -3/33 HPs)
             Began as a Djinni Gladiator on Dec 29, 2022.
             Slain by Terence
             ... wielding a +0 flail
              (5 damage)
             ... on level 2 of the Dungeon.
             The game lasted 00:02:54 (1312 turns).

Jase the Slasher (Djinni Gladiator)                 Turns: 1312, Time: 00:02:55

Health: -3/33      AC:  4    Str: 13    XL:     4   Next: 1%
Gold:   25         EV: 12    Int: 12    God:
                   SH:  5    Dex: 14

rFire   + + .      SeeInvis .    a - +0 long sword
rCold   x . .      Faith    .    (no shield)
rNeg    . . .      Spirit   .    b - +0 leather armour
rPois   ∞          Reflect  +    c - +0 helmet
rElec   .          Harm     .    (no cloak)
rCorr   .          Rampage  .    (no gloves)
Will    .....                    (boots unavailable)
Stlth   +                        g - amulet of reflection
HPRegen 0.25/turn                k - ring of wizardry
MPRegen 0.00/turn                (no ring)

@: flying
A: sickness immunity, fire resistance 2, cold vulnerability 1, float, innate
caster, HP casting, extra vitality 1
a: no special abilities


You were on level 2 of the Dungeon.
You visited 1 branch of the dungeon, and saw 2 of its levels.

You collected 64 gold pieces.
You spent 39 gold pieces at shops.

Inventory:

Hand Weapons
 a - a +0 long sword (weapon)
Missiles
 d - 3 throwing nets (quivered)
 e - a javelin
Armour
 b - a +0 leather armour (worn)
 c - a +0 helmet (worn)
Jewellery
 g - an amulet of reflection (around neck)
 k - a ring of wizardry (left hand)
Scrolls
 f - 7 scrolls of teleportation {unknown}
 h - 2 scrolls of enchant weapon {unknown}
 i - 3 scrolls of fog {unknown}
 j - a scroll of magic mapping {unknown}
Potions
 l - a potion of heal wounds {unknown}
 m - a potion of attraction {unknown}


   Skills:
 - Level 2.0 Fighting
 + Level 3.5 Long Blades
 - Level 1.5 Throwing
 - Level 3.2 Dodging
 + Level 1.5 Spellcasting


You had 5 spell levels left.
You knew the following spells:

 Your Spells              Type           Power      Damage    Failure   Level
a - Slow                  Hex            16%        N/A       8%          1
Your spell library was empty.

Dungeon Overview and Level Annotations

Branches:
Dungeon (2/15)

Altars:

Shops:
D:2 ?

Annotations:
D:2 Terence


Innate Abilities, Weirdness & Mutations

You are immune to sickness and miasma.
You are immune to poison.
Your flesh is very heat resistant. (rF++)
You are vulnerable to cold. (rC-)
You float through the air rather than walking.
You learn spells naturally, not from books.
Your magical power is your life essence.
You have superior vitality. (+4 MHP)


Message History

You hit Terence but do no damage.
Terence is moderately wounded.
Terence hits you with a +0 flail!
You hit Terence.
Terence is heavily wounded.
Terence hits you with a +0 flail.
You completely miss Terence.
Terence is heavily wounded.
You block Terence's attack. Terence hits you with a +0 flail!
You closely miss Terence.
Terence is heavily wounded.
Terence completely misses you.
You hit Terence but do no damage.
Terence is heavily wounded.
Terence barely misses you.
You barely miss Terence.
Terence is heavily wounded.
Terence closely misses you.
You barely miss Terence.
Terence is heavily wounded.
Terence hits you with a +0 flail.
You hit Terence.
Terence is severely wounded.
Terence barely misses you. Terence hits you with a +0 flail!
* * * LOW HITPOINT WARNING * * *
You closely miss Terence.
Terence is severely wounded.
You block Terence's attack.
You hit Terence but do no damage.
Terence is severely wounded.
Terence barely misses you.
You hit Terence but do no damage.
Terence is severely wounded.
You block Terence's attack.
You closely miss Terence.
Terence is severely wounded.
Terence hits you with a +0 flail.
* * * LOW HITPOINT WARNING * * *
Terence hits you with a +0 flail.
You die...

.# ....# ######...# ..
## ...# .......... ##
.. #..# .....♣.. #.
#..# ......
#$#.#..####### #...#
#..†........# #...#
#[#.#..#.###. ## #...#
#. #.w@.# .. #...# ..
#..#@###.# #...# ##
#...#.....# #.†.#
...####.#### #...#
#.........###### #...#
#........#.....# #'''#
.....#...#.....# #....
..........†....# ##...
#.....#.[...# ##)#
#.....#.....########)#


You could see Terence and a worm.

Vanquished Creatures
  An adder (D:2)
  3 worms (D:2)
  2 dart slugs
  3 ball pythons (D:2)
  5 bats (D:1)
  4 endoplasms (D:1)
  A giant cockroach (D:1)
  2 goblins (D:2)
  A hobgoblin (D:1)
  2 kobolds (D:1)
24 creatures vanquished.

Notes
Turn   | Place    | Note
-------+----------+-------------------------------------------
     0 | D:1      | Jase the Djinni Gladiator began the quest for the Orb.
     0 | D:1      | Reached XP level 1. HP: 18/18 MP: 0/0
   347 | D:1      | Reached XP level 2. HP: 23/23 MP: 0/0
   681 | D:1      | Reached skill level 1 in Spellcasting
  1049 | D:2      | Reached XP level 3. HP: 28/28 MP: 0/0
  1049 | D:2      | Learned a level 1 spell: Slow
  1109 | D:2      | Found Suno's Magic Scroll Boutique.
  1114 | D:2      | Bought a scroll of identify for 26 gold pieces
  1116 | D:2      | Bought a scroll of noise for 13 gold pieces
  1287 | D:2      | Noticed Terence
  1290 | D:2      | Reached XP level 4. HP: 33/33 MP: 0/0
  1312 | D:2      | Slain by Terence

Illustrated notes

Levels and vault maps discovered:
D:1:      lemuel_arrival_muddy, layout_basic
D:2:      layout_loops_ring, serial_shops, nicolae_shop_hallway_plus,
          kennysheep_cross_bottleneck, minmay_misc_feat_iff, minmay_box_of_dots,
          uniq_terence, uniq_natasha

Skill      XL: |  1  2 |
---------------+-------+-----
Long Blades    | 3 |  3.5
Spellcasting   | 1 |  1.5
Fighting       | |  2.0
Throwing       | |  1.5
Dodging        | |  3.2

Action                   |  1- 3 |  4- 6 || total
-------------------------+-------+-------++-------
Melee: Long sword        |    80 |    16 ||    96
       Punch             |     1 |       ||     1
 Cast: Slow              |       |     2 ||     2
  Use: Scroll            |     1 |       ||     1
 Stab: Sleeping          |     3 |       ||     3
Armor: Leather armour    |    25 |     1 ||    26
Dodge: Dodged            |    39 |     8 ||    47
Block: Other             |    13 |     6 ||    19

Table legend: (Time is in decaauts)
 A = Elapsed time spent in this place.
 B = Non-inter-level travel time spent in this place.
 C = Inter-level travel time spent in this place.
 D = Time resting spent in this place.
 E = Time spent auto-exploring this place.
 F = Levels seen in this place.
 G = Mean time per level.
                   A        B        C        D        E       F      G
               +--------+--------+--------+--------+--------+-----+--------+
         Total |   1333 |   1279 |     54 |     67 |    977 |   2 |  666.5 |
       Dungeon |   1333 |   1279 |     54 |     67 |    977 |   2 |  666.5 |
               +--------+--------+--------+--------+--------+-----+--------+

Top non-repeatable levels by time:
     D:1: 1045 daAuts
     D:2: 288 daAuts
